 Dungeon Crawl Stone Soup version 0.17-a0-1650-gce8475a (webtiles) character file.

10994 technomadic the Cleaver (level 11, -4/99 HPs)
             Began as a Minotaur Fighter on Aug 13, 2015.
             Was a Priest of Lugonu.
             Slain by an ettin
             ... wielding a cursed -2 dire flail
              (39 damage)
             ... on level 12 of the Dungeon.
             The game lasted 00:25:18 (11010 turns).

technomadic the Cleaver (Minotaur Fighter)         Turns: 11010, Time: 00:25:18

Health: -4/99      AC: 14    Str: 22    XL:     11   Next: 43%
Magic:  24/24      EV:  8    Int:  8    God:    Lugonu [***...]
Gold:   599        SH:  0    Dex:  9    Spells: 0 memorised, 10 levels left

rFire  . . .     SeeInvis .     a - +4 halberd of Apielyagg {chop, rN+ MR+ MP+9}
rCold  . . .     Clarity  .     J - +0 chain mail
rNeg   + . .     SustAt   .     (no shield)
rPois  .         Gourm    .     (helmet restricted)
rElec  .         Spirit   .     (no cloak)
rCorr  .         Warding  .     (no gloves)
rMut   .         Stasis   .     M - +1 pair of boots
MR     +....                    (no amulet)
Stlth  ..........               (no ring)
                                (no ring)

@: lethally poisoned (-4 -> -14), about to teleport, slowed, very slow, somewhat
resistant to hostile enchantments, extremely unstealthy
A: retaliatory headbutt, horns 2
a: Depart the Abyss, Bend Space, Banish, Renounce Religion


You were on level 12 of the Dungeon.
You worshipped Lugonu.
Lugonu was most pleased with you.
You were not hungry.

You visited 2 branches of the dungeon, and saw 14 of its levels.

You collected 599 gold pieces.

Inventory:

Hand weapons
 a - the +4 halberd of Apielyagg (weapon) {chop, rN+ MR+ MP+9}
   (You took it off a tengu conjurer on level 13 of the Dungeon)

   It inflicts extra damage upon your enemies.
   It protects you from negative energy.
   It affects your resistance to hostile enchantments.
   It affects your magic capacity (+9).
 b - a +0 longbow
Missiles
 q - 22 arrows of dispersal
 I - 185 arrows
Armour
 J - a +0 chain mail (worn)
 M - a +1 pair of boots (worn)
Jewellery
 H - a cursed amulet of inaccuracy {unknown}
Magical devices
 h - a wand of fire (4)
 u - a wand of polymorph (10)
 x - a wand of digging (13)
 A - a wand of random effects (29)
 B - a wand of cold (3)
 F - a wand of teleportation (9)
 G - a wand of cold (9)
Scrolls
 c - 6 scrolls of remove curse
 l - a scroll of enchant weapon
 m - a scroll of magic mapping
 o - a scroll of noise
 r - 4 scrolls of teleportation
 s - a scroll of fog
 y - a scroll of enchant armour {unknown}
Potions
 d - a potion of might
 f - a potion of flight
 i - a potion of cancellation {unknown}
 n - a potion of beneficial mutation {unknown}
 p - a potion of haste
 t - 2 potions of heal wounds
 z - 3 potions of ambrosia
 C - a potion of resistance
 D - a potion of magic {unknown}
 E - 3 potions of brilliance
 K - 2 potions of berserk rage
Books
 L - a book of Party Tricks

   Spells                             Type                      Level
   a - Summon Butterflies             Summoning                    1
   b - Apportation                    Translocation                1
   c - Tukima's Dance                 Hexes                        3
   d - Alistair's Intoxication        Transmutation/Poison         4
   e - Invisibility                   Hexes                        6
Comestibles
 e - 12 bread rations
 g - 7 chunks of flesh
 j - 3 beef jerkies
 k - 5 meat rations
 w - 6 fruits


   Skills:
 - Level 9.7 Fighting
   Level 12.1(12.2) Axes
 + Level 3.1(8.5) Polearms
 - Level 7.0 Bows
 - Level 10.7 Armour
   Level 3.6 Shields
 - Level 7.1 Invocations


You had 10 spell levels left.
You didn't know any spells.

Dungeon Overview and Level Annotations

Branches:
Dungeon (13/15)            Temple (1/1) D:6            Lair (0/8) D:11
    Orc: D:9-12      Vaults: D:13-14

Altars:
Ashenzari
Cheibriados
Dithmenos
Elyvilon
Fedhas
Gozag
Kikubaaqudgha
Makhleb
Nemelex Xobeh
Okawaru
Qazlal
Ru
Sif Muna
Trog
Vehumet
Xom
Yredelemnul
Zin
The Shining One
Lugonu

Shops:
D:9 %

Annotations:
D:11 exclusion: oklob plant
D:12 Sonja


Innate Abilities, Weirdness & Mutations

You reflexively headbutt those who attack you in melee.
You have a pair of horns on your head.


Message History

You assume a fearsome visage.
Sonja looks frightened!
The cyclops looks frightened!
Your surroundings suddenly seem different.
You feel sick.
A griffon comes into view.
The griffon screeches!
A cyclops comes into view.
The cyclops shouts!
A hill giant comes into view. It is wielding a giant club.
The hill giant shouts!
You hear a shout!
The gargoyle hits you but does no damage.
Found eight items.
A wyvern, a gargoyle, a centaur, an ettin, a vampire, a flayed ghost and a zombie come into view.
Read which item? (? for menu, Esc to quit)
As you read the scroll of teleportation, it crumbles to dust.
You feel strangely unstable.
You feel very sick.
The centaur shouts!
The ettin hits you with a dire flail!!!
You die...

.#.....#.#.....
...........c...
.#.....#.#.C...
.#...H.#.##....
##.....##.##.##
#.......##....Z
.........###.##
.......@......#
...W}[.9C.V....
...):).C.......
...||).........
..............#
.........###.##
#.......##.l.^.
##.....##.##.##


You could see a griffon, an ettin, a hill giant, a flayed ghost, a cyclops, a
vampire, a wyvern, a gargoyle, a centaur and a centaur zombie.

Vanquished Creatures
  2 centaur warriors (D:13)
  Pikel (D:9)
  A tengu conjurer (D:13)
  2 trolls
  A trapdoor spider zombie (D:13)
  A wraith (D:13)
  A spriggan (D:9)
  18 yaks
  3 hippogriffs
  A steam dragon (D:7)
  Edmund (D:6)
  Duvessa (D:4)
  2 sky beasts
  2 ice beasts (D:5)
  A wasp (D:9)
  2 slaves (D:9)
  5 ogres
  A necrophage (D:8)
  2 orc warriors (D:9)
  5 centaurs
  A wyvern zombie (D:13)
  2 gnoll sergeants
  Dowan (D:4)
  A water moccasin zombie (D:5)
  6 giant frogs
  5 killer bees (D:10)
  3 wights (D:13)
  3 jellies
  7 crimson imps
  A giant frog zombie (D:7)
  4 hounds
  A giant frog skeleton (D:9)
  An iguana (D:5)
  5 orc priests
  Terence (D:3)
  An iron imp (D:7)
  6 orc wizards
  13 worker ants
  A hound zombie (D:8)
  11 gnolls
  12 adders
  4 shadow imps
  An adder zombie (D:8)
  3 worms
  7 giant geckos
  36 orcs
  6 giant cockroaches
  10 goblins
  8 hobgoblins
  10 jackals
  8 kobolds
  A ball python (D:1)
  8 bats
  2 giant gecko zombies
  5 giant newts
  A jackal skeleton (D:5)
  2 quokkas
  A quokka zombie (D:5)
  12 rats
264 creatures vanquished.

Vanquished Creatures (others)
  2 hill giants
  A centaur (D:13)
  An adder (D:7)
4 creatures vanquished.

Grand Total: 268 creatures vanquished

Notes
Turn   | Place    | Note
--------------------------------------------------------------
     0 | D:1      | technomadic the Minotaur Fighter began the quest for the Orb.
     0 | D:1      | Reached XP level 1. HP: 19/19 MP: 0/0
    78 | D:1      | Reached XP level 2. HP: 21/26 MP: 1/1
   231 | D:1      | Reached skill level 4 in Axes
   396 | D:2      | Found a glowing silver altar of Zin.
   397 | D:2      | Noticed an angel
   442 | D:2      | Reached XP level 3. HP: 31/31 MP: 2/2
   463 | D:2      | Found a sacrificial altar of Ru.
   492 | D:2      | Reached skill level 5 in Axes
   562 | D:2      | Reached XP level 4. HP: 15/39 MP: 3/3
  1373 | D:3      | Found a blossoming altar of Fedhas.
  1423 | D:3      | Noticed Terence
  1440 | D:3      | Killed Terence
  1440 | D:3      | Reached skill level 6 in Axes
  1561 | D:3      | Found a sparkling altar of Nemelex Xobeh.
  1566 | D:3      | Reached XP level 5. HP: 42/45 MP: 4/4
  2012 | D:3      | Found a shadowy altar of Dithmenos.
  2161 | D:4      | Reached skill level 7 in Axes
  2294 | D:4      | Found a shimmering altar of Xom.
  2372 | D:4      | Reached XP level 6. HP: 36/51 MP: 5/5
  2497 | D:4      | Found a bloodstained altar of Trog.
  2573 | D:4      | Noticed Duvessa
  2576 | D:4      | Noticed Dowan
  2587 | D:4      | Killed Duvessa
  2587 | D:4      | Reached skill level 5 in Armour
  2599 | D:4      | Killed Dowan
  2638 | D:4      | Reached XP level 7. HP: 34/57 MP: 6/6
  2669 | D:4      | Found a stormy altar of Qazlal.
  2739 | D:4      | Noticed a hippogriff
  2750 | D:4      | Killed a hippogriff
  2892 | D:5      | Entered Level 5 of the Dungeon
  2933 | D:5      | Reached skill level 5 in Fighting
  3023 | D:5      | Reached XP level 8. HP: 48/71 MP: 7/7
  3366 | D:5      | Reached skill level 8 in Fighting
  3719 | D:5      | Reached skill level 9 in Axes
  4001 | D:6      | Noticed Edmund
  4012 | D:6      | Killed Edmund
  4012 | D:6      | Reached skill level 10 in Axes
  4308 | D:6      | Found a staircase to the Ecumenical Temple.
  4323 | Temple   | Entered the Ecumenical Temple
  4370 | Temple   | Became a worshipper of Lugonu the Unformed
  4370 | Temple   | Acquired Lugonu's first power
  4419 | D:6      | Reached XP level 9. HP: 73/81 MP: 8/8
  4734 | D:7      | Found a snail-covered altar of Cheibriados.
  4740 | D:7      | Reached skill level 11 in Axes
  4832 | D:7      | Gained mutation: Your magical capacity is low (-10% MP). [potion of mutation]
  4832 | D:7      | Gained mutation: You can spit weak poison. [potion of mutation]
  4832 | D:7      | Gained mutation: Your magical capacity is very low (-20% MP). [potion of mutation]
  4833 | D:7      | Gained mutation: You are resistant to electric shocks. [potion of mutation]
  4833 | D:7      | Gained mutation: You can spit poison. [potion of mutation]
  4833 | D:7      | Gained mutation: You tend to lose your temper in combat. [potion of mutation]
  4834 | D:7      | Lost mutation: You can spit poison. [potion of cure mutation]
  4834 | D:7      | Lost mutation: You can spit weak poison. [potion of cure mutation]
  4834 | D:7      | Lost mutation: You are resistant to electric shocks. [potion of cure mutation]
  4834 | D:7      | Lost mutation: You tend to lose your temper in combat. [potion of cure mutation]
  5132 | D:7      | Found a deep blue altar of Sif Muna.
  5140 | D:7      | Found a burning altar of Makhleb.
  5305 | D:7      | Acquired Lugonu's second power
  5305 | D:7      | Reached skill level 12 in Axes
  5404 | D:8      | Reached skill level 1 in Invocations
  5566 | D:8      | Lost mutation: Your magical capacity is very low (-20% MP). [potion of cure mutation]
  5566 | D:8      | Lost mutation: Your magical capacity is low (-10% MP). [potion of cure mutation]
  6004 | D:8      | Found a sacrificial altar of Ru.
  6008 | D:8      | Reached skill level 5 in Invocations
  6384 | D:9      | Acquired Lugonu's third power
  6523 | D:9      | Found Buwir's Food Shop.
  6615 | D:9      | Noticed Pikel
  6617 | D:9      | Reached XP level 10. HP: 45/88 MP: 12/12
  6633 | D:9      | Killed Pikel
  7651 | D:10     | Entered Level 10 of the Dungeon
  8281 | D:10     | HP: 3/88 [yak (10)]
  8710 | D:10     | Noticed a hill giant
  8716 | D:10     | Banished a hill giant
  8750 | D:10     | Found Onta's Book Shop.
  8941 | D:10     | Reached skill level 5 in Bows
  9123 | D:11     | Found a staircase to the Lair.
  9127 | D:11     | Noticed an oklob plant
  9188 | D:11     | You fall through a shaft for 2 floors!
  9489 | D:13     | Reached XP level 11. HP: 42/94 MP: 15/15
  9744 | D:13     | Noticed a centaur warrior
  9757 | D:13     | Noticed a hill giant
  9775 | D:13     | Killed a centaur warrior
  9775 | D:13     | HP: 4/97 [centaur/arrow of dispersal[a centaur warrior] (1)]
  9886 | D:13     | Noticed a centaur warrior
  9893 | D:13     | Killed a centaur warrior
 10043 | D:13     | Banished a hill giant
 10043 | D:13     | Reached skill level 10 in Armour
 10675 | D:13     | Got a fine halberd
 10676 | D:13     | Identified the +4 halberd of Apielyagg {chop, rN+ MR+ MP+9} (You took it off a tengu conjurer on level 13 of the Dungeon)
 10680 | D:13     | Found a glowing silver altar of Zin.
 10880 | D:12     | Reached skill level 1 in Polearms
 11005 | D:12     | Noticed Sonja
 11009 | D:12     | Noticed a hill giant
 11010 | D:12     | Noticed a flayed ghost
 11010 | D:12     | Noticed an ettin
 11010 | D:12     | Slain by an ettin

Vault maps used:
D:1:      lemuel_arrival_rhombus
D:2:      kennysheep_the_goblin_king, hangedman_ru_absence, zin_angel
D:3:      fedhas_altar_2, nicolae_dithmenos_through_a_glass_darkly,
          nemelex_xobeh_ov_fountains_minmay, first_bread, uniq_terence
D:4:      lemuel_doored_altar, nicolae_overflow_crystal_walls, xom_butterflies,
          nrook_mini_backslash, uniq_duvessa
D:5:      wad_rectangle_vault
D:6:      temple_green, uniq_edmund
D:7:      slow_altar_2, kennysheep_mini_moat, kennysheep_little_box
D:8:      basic_altar
D:9:      serial_shops, nicolae_shop_trees, the_bakery, uniq_pikel
D:10:     serial_shops, shop_fountains
D:11:     dpeg_oklobed_lair, orc_david_3
D:12:     minmay_strange_plus, uniq_sonja
D:13:     basic_altar
Temple:   corrupted_temple

Action                   |  1- 3 |  4- 6 |  7- 9 | 10-12 || total
-------------------------+-------+-------+-------+-------++-------
Melee: War axe           |    55 |   156 |   320 |   248 ||   779
       Unarmed           |       |    14 |       |       ||    14
       Halberd           |       |       |       |    16 ||    16
 Fire: Longbow           |       |       |       |     4 ||     4
Invok: Banish            |       |       |       |     3 ||     3
Evoke: Wand              |       |       |       |     2 ||     2
  Use: Potion            |       |     3 |     4 |     4 ||    11
       Scroll            |       |       |    19 |     9 ||    28
  Eat: Chunk             |       |     6 |    12 |    10 ||    28
       Fruit             |       |       |     1 |     1 ||     2
       Beef jerky        |       |       |       |     2 ||     2
       Pizza             |       |       |       |     1 ||     1
